 Dungeon Crawl Stone Soup version 0.29-a0-384-g6960b1960d (webtiles) character file.

Game seed: 9709317952769975229

1936 Hubjo the Arsonist (level 8, -7/48 HPs)
             Began as a Deep Elf Fire Elementalist on May 6, 2022.
             Was a Follower of Ashenzari.
             Mangled by an orc warrior
             ... wielding a +0 glaive
              (22 damage)
             ... on level 8 of the Dungeon.
             The game lasted 00:14:31 (9836 turns).

Hubjo the Arsonist (Deep Elf Fire Elementalist)     Turns: 9836, Time: 00:14:34

Health: -7/48      AC:  2    Str:  5    XL:     8   Next: 97%
Magic:  10/20      EV: 13    Int: 21    God:    Ashenzari [*.....]
Gold:   443        SH:  5    Dex: 17    Spells: 13/21 levels left

rFire   . . .      SeeInvis .   u - +6 rapier of the Chained Servitude {vamp, rC+ rN+, Cun, Bglg} (curse)
rCold   + . .      Faith    .   (no shield)
rNeg    + . .      Spirit   .   A - +0 robe {Will+}
rPois   +          Reflect  +   (no helmet)
rElec   .          Harm     .   (no cloak)
rCorr   .          Rampage  .   (no gloves)
Will    +....                   (no boots)
Stlth   ++++......              j - amulet of the Unyielding Gaze {Reflect SH+5, Range, Alch} (curse)
HPRegen 0.16/turn               D - ring of poison resistance
MPRegen 0.17/turn               (no ring)

@: very slightly contaminated
A: no striking features
a: Renounce Religion, Shatter the Chains


You were on level 8 of the Dungeon.
You worshipped Ashenzari.
Ashenzari was aware of your devotion.
You visited 2 branches of the dungeon, and saw 9 of its levels.

You collected 443 gold pieces.

Inventory:

Hand Weapons
 e - a +1 short sword of venom
 u - the cursed +6 rapier of the Chained Servitude (weapon) {vamp, rC+ rN+, Cun, Bglg}
   (You found it on level 4 of the Dungeon)

   It occasionally heals its wielder for a portion of the damage dealt when it
   wounds a living foe.
   rC:        It protects you from cold.
   rN:        It protects you from negative energy.
   It has a curse which improves the following skills: Cunning: Dodging and
   Stealth.
   Beguiling: Conjurations, Hexes and Translocations.
Armour
 a - a +0 robe
 A - a +0 robe of willpower (worn)
 B - a +0 leather armour of willpower
Jewellery
 j - the cursed amulet of the Unyielding Gaze (around neck) {Reflect SH+5, Range, Alch}
   (You found it on level 1 of the Dungeon)

   [amulet of reflection]

   It reflects blocked missile attacks.
   SH:        It affects your SH (+5).
   It has a curse which improves the following skills: Ranged Combat: Slings,
   Bows, Crossbows and Throwing.
   Alchemy:   Poison Magic and Transmutations.
 k - an amulet of faith
 D - a ring of poison resistance (left hand)
 E - an amulet of regeneration
Wands
 t - a wand of iceblast (13)
 w - a wand of flame (9)
 x - a wand of polymorph (4)
 y - a wand of acid (6)
Scrolls
 f - a scroll of summoning
 h - a scroll of poison
 i - 4 scrolls of teleportation
 l - 2 scrolls of fear
 n - a scroll of fog
 p - a scroll of immolation
 q - 2 scrolls of enchant armour
 r - 3 scrolls of amnesia
 s - a scroll of vulnerability
 v - a scroll of torment
Potions
 b - 3 potions of magic
 c - 8 potions of curing
 d - a potion of flight
 m - 2 potions of haste
 o - a potion of cancellation
 z - 2 potions of lignification
 C - a potion of brilliance


   Skills:
 + Level 4.4 Fighting
 - Level 2.4(3.1) Dodging
 + Level 7.0(7.9) Stealth
 + Level 7.2 Spellcasting
 - Level 1.1(1.6) Conjurations
 + Level 8.1 Fire Magic
 * Level 2.8 Ice Magic


You had 13 spell levels left.
You knew the following spells:

 Your Spells              Type           Power      Damage    Failure   Level
a - Foxfire               Conj/Fire      100%       2x1d9     1%          1
b - Flame Wave            Conj/Fire      28%        2d8       12%         4
c - Ozocubu's Armour      Ice            19%        N/A       8%          3

Your spell library contained the following spells:

 Spells                   Type           Power      Damage    Failure   Level
 Scorch                   Fire           82%        2d9       1%          2
 Conjure Flame            Conj/Fire      28%        6-21      3%          3
 Inner Flame              Hex/Fire       24%        N/A       4%          3
 Shock                    Conj/Air       44%        1d5       6%          1
 Dazzling Flash           Conj/Hex       22%        N/A       19%         3
 Swiftness                Air            7%         N/A       26%         3
 Tukima's Dance           Hex            7%         N/A       26%         3
 Anguish                  Hex/Necr       3%         N/A       63%         4
 Airstrike                Air            3%         N/A       65%         4
 Animate Dead             Necr           3%         N/A       65%         4
 Metabolic Englaciation   Hex/Ice        6%         N/A       78%         5
 Yara's Violent Unravell  Hex/Tmut       3%         3d4       93%         5
 Simulacrum               Ice/Necr       6%         N/A       100%        6
 Enfeeble                 Hex            3%         N/A       100%        7
 Haunt                    Necr/Summ      3%         N/A       100%        7
 Disjunction              Tloc           4%         N/A       100%        8
 Infestation              Necr           3%         N/A       100%        8


Dungeon Overview and Level Annotations

Branches:
Dungeon (8/15)             Temple (1/1) D:5
   Lair: D:8-11

Altars:
Ashenzari
Cheibriados
Dithmenos
Elyvilon
Fedhas
Gozag
Hepliaklqana
Kikubaaqudgha
Makhleb
Nemelex Xobeh
Okawaru
Qazlal
Ru
Sif Muna
Trog
Uskayaw
Vehumet
Wu Jian
Xom
Yredelemnul
Zin
The Shining One

Shops:
D:6 *

Portals:
Abyss: D:7

Annotations:
D:6 1 runed translucent door, sirJeffrey23's ghost, novice DsMo
D:7 2 transporters, Pooter's ghost, novice MiHu


Message History

The orc warrior is heavily wounded.
The foxfire hits the orc warrior.
The orc warrior is severely wounded.
The orc warrior hits you from afar with a +0 glaive!
You miscast Foxfire.
You are very lightly contaminated with residual magic.
Nothing appears to happen.
The foxfire hits the orc warrior.
The orc warrior is severely wounded.
The foxfire hits the orc warrior.
The orc warrior is severely wounded.
The orc warrior barely misses you.
You conjure some foxfire!
The orc warrior hits you from afar with a +0 glaive.
You conjure some foxfire!
The foxfire hits the orc warrior but does no damage.
The orc warrior is severely wounded.
The orc warrior hits you from afar with a +0 glaive!!
* * * LOW HITPOINT WARNING * * *
The foxfire hits the orc warrior but does no damage.
The orc warrior is severely wounded.
You feel much better.
The foxfire hits the orc warrior.
The orc warrior is almost dead.
The foxfire hits the orc warrior.
The orc warrior is almost dead.
The orc warrior hits you from afar with a +0 glaive!!
Ouch! That really hurt!
* * * LOW HITPOINT WARNING * * *
You feel better. The orc warrior closely misses you.
Aiming: Throw Flame
Press: ? - help, Shift-Dir - straight line, f - orc warrior
Aim: an orc warrior, wielding a +0 glaive and wearing a +0 chain mail (almost dead, 64% to hit)
The puff of flame hits the orc warrior but does no damage.
The orc warrior is almost dead.
You block the orc warrior's attack.
Aiming: Throw Flame
Press: ? - help, Shift-Dir - straight line, f/p - orc warrior
Aim: an orc warrior, wielding a +0 glaive and wearing a +0 chain mail (almost dead, 64% to hit)
The puff of flame misses the orc warrior.
The orc warrior hits you from afar with a +0 glaive!!
You die...

## #### ##.#
#....
#..##..)..
#.##......
##.#..>....
#.#@.o.)...
#..........
##.#........
#.###.!.....
##.# #...?..
####..#
#.....
##....##
#...#
#....ยง.###
####
#.v......##


You could see an orc warrior.

Vanquished Creatures
  A water moccasin (D:7)
  A black bear (D:5)
  An ice beast (D:8)
  A sky beast (D:7)
  2 ogres
  A centaur (D:7)
  A phantom (D:7)
  A bullfrog (D:7)
  2 necrophages (D:6)
  3 scorpions
  4 wights (D:7)
  An electric eel (D:7)
  2 jellies
  An orc priest (D:5)
  2 hounds (D:5)
  5 iguanas
  5 orc wizards
  9 adders
  A shadow imp (D:7)
  3 white imps
  4 worms
  3 dart slugs
  22 orcs
  2 bats
  9 endoplasms
  7 giant cockroaches
  5 goblins
  7 hobgoblins
  5 kobolds
  A quokka (D:1)
  8 ball pythons
  2 frilled lizards
  6 rats
128 creatures vanquished.

Vanquished Creatures (collateral kills)
  A foxfire (D:1)
1 creature vanquished.

Vanquished Creatures (others)
  789 foxfires
  A plant (D:1)
790 creatures vanquished.

Grand Total: 919 creatures vanquished

Notes
Turn   | Place    | Note
-------+----------+-------------------------------------------
     0 | D:1      | Hubjo the Deep Elf Fire Elementalist began the quest for
                  | the Orb.
     0 | D:1      | Reached XP level 1. HP: 10/10 MP: 6/6
   261 | D:1      | Reached XP level 2. HP: 16/16 MP: 5/8
   307 | D:1      | Found a faded altar of an unknown god.
   345 | D:1      | Prayed at the altar of an unknown god.
   345 | D:1      | Became a worshipper of the Shining One
   345 | D:1      | Reached * piety under the Shining One
   740 | D:1      | Reached skill level 1 in Fighting
  1609 | D:2      | Reached XP level 3. HP: 19/20 MP: 3/9
  2572 | D:3      | Reached ** piety under the Shining One
  2574 | D:3      | Reached XP level 4. HP: 26/26 MP: 7/11
  2923 | D:3      | Found a hide-covered altar of Uskayaw.
  3605 | D:4      | Noticed a scorpion
  3614 | D:4      | Killed a scorpion
  3615 | D:4      | Reached skill level 4 in Fire Magic
  3615 | D:4      | Reached XP level 5. HP: 31/31 MP: 4/13
  3620 | D:4      | Learned a level 4 spell: Flame Wave
  4283 | D:4      | Identified the +6 rapier of the Boiling Point {vamp, rC+
                  | rN+}
  4884 | D:5      | Entered Level 5 of the Dungeon
  5218 | D:5      | Reached XP level 6. HP: 36/36 MP: 9/14
  5265 | D:5      | Reached skill level 5 in Spellcasting
  5265 | D:5      | Reached skill level 5 in Fire Magic
  5744 | D:5      | Found a staircase to the Ecumenical Temple.
  5768 | Temple   | Entered the Ecumenical Temple
  6023 | Temple   | Fell from the grace of the Shining One
  6023 | Temple   | Became a worshipper of Ashenzari the Shackled
  6320 | D:5      | Reached XP level 7. HP: 41/41 MP: 5/16
  6527 | D:5      | Reached skill level 5 in Stealth
  7051 | D:5      | Reached skill level 6 in Fire Magic
  7847 | D:6      | Reached XP level 8. HP: 22/48 MP: 12/19
  8018 | D:6      | Got Gymu's Collected Works on Enthralling Dislocation
  8035 | D:6      | Found Juloa's Elemental Accessories.
  8119 | D:6      | Found a runed translucent door.
  8123 | D:6      | Noticed sirJeffrey23's ghost (novice DsMo)
  8327 | D:6      | Learned a level 3 spell: Ozocubu's Armour
  8364 | D:7      | Reached skill level 7 in Fire Magic
  8537 | D:7      | Reached skill level 1 in Ice Magic
  8847 | D:7      | Reached * piety under Ashenzari
  8878 | D:7      | Noticed Pooter's ghost (novice MiHu)
  8994 | D:7      | Found a transporter.
  8999 | D:7      | Found a one-way gate to the infinite horrors of the Abyss.
  9039 | D:7      | Reached skill level 8 in Fire Magic
  9049 | D:7      | Found a transporter.
  9689 | D:8      | Found an iron altar of Okawaru.
  9836 | D:8      | Mangled by an orc warrior

Illustrated notes

Levels and vault maps discovered:
D:1:      matt_arrival_grand_opening, layout_basic,
          dreamdust_ecumenical_altar_hidden_monk_grotto
D:2:      layout_rooms, minmay_box_of_dots
D:3:      layout_loops_ring, mainiacjoe_overflow_tiny_flanked
D:4:      layout_basic
D:5:      layout_loops_ring, minmay_temple_entry_drinking_statues
D:6:      layout_loops_ring, ebering_ghost_reflecting_pool,
          mrwooster_statue_mirror, nicolae_elemental_shop
D:7:      cheibrodos_helix_gallery, layout_basic, gammafunk_ghost_abyssal_escape
D:8:      layout_cave_pods, old_standard_altar, dpeg_lair_monsters,
          guppyfry_early_elven_hall
Temple:   mainiacjoe_temple_big_plus

Skill      XL: |  1  2  3  4  5  6  7  8 |
---------------+-------------------------+-----
Fighting       | 1 2 3 4 |  4.4
Stealth        | 3 4 5 7 |  7.0
Spellcasting   | 4 5 6 7 |  7.2
Fire Magic     | 4 5 6 8 |  8.1
Ice Magic      | 2 |  2.8
Dodging        | |  2.4
Conjurations   | |  1.1

Action                   |  1- 3 |  4- 6 |  7- 9 || total
-------------------------+-------+-------+-------++-------
Melee: Short sword       |    11 |    11 |     2 ||    24
       Rapier            |       |       |    13 ||    13
       Punch             |       |       |     1 ||     1
 Cast: Foxfire           |   121 |   190 |   178 ||   489
       Flame Wave        |       |     1 |       ||     1
Invok: Curse Item        |       |       |     2 ||     2
Evoke: Wand              |       |       |     2 ||     2
  Use: Scroll            |     2 |     1 |     4 ||     7
       Potion            |       |       |     2 ||     2
 Stab: Sleeping          |       |       |     1 ||     1
Armor: Robe              |     3 |    10 |     2 ||    15
Dodge: Dodged            |    12 |    41 |    23 ||    76
Block: Other             |       |       |     4 ||     4

Table legend: (Time is in decaauts)
 A = Elapsed time spent in this place.
 B = Non-inter-level travel time spent in this place.
 C = Inter-level travel time spent in this place.
 D = Time resting spent in this place.
 E = Time spent auto-exploring this place.
 F = Levels seen in this place.
 G = Mean time per level.
                   A        B        C        D        E       F      G
               +--------+--------+--------+--------+--------+-----+--------+
         Total |   9839 |   9505 |    334 |      0 |   8367 |   9 | 1093.2 |
       Dungeon |   9391 |   9092 |    299 |      0 |   7966 |   8 | 1173.9 |
        Temple |    447 |    412 |     35 |      0 |    401 |   1 |  447.0 |
               +--------+--------+--------+--------+--------+-----+--------+

Top non-repeatable levels by time:
     D:5: 1748 daAuts
     D:1: 1596 daAuts
     D:7: 1359 daAuts
     D:4: 1313 daAuts
     D:6: 1249 daAuts
     D:3: 1192 daAuts
     D:2: 782 daAuts
  Temple: 447 daAuts
     D:8: 148 daAuts
